 Dungeon Crawl Stone Soup version 0.28.0-53-g5a82cb258f (webtiles) character file.

Game seed: 10506782785679819925

6034 firemarshallily the Frost Mage (level 10, -3/70 HPs)
             Began as a Merfolk Ice Elementalist on June 7, 2022.
             Was a Follower of Sif Muna.
             Slain by a fire elemental (12 damage)
             ... created by the fiery vengeance of Ignis
             ... on level 8 of the Dungeon on June 9, 2022.
             The game lasted 00:51:21 (11421 turns).

firemarshallily the Frost Mage (MfIE)              Turns: 11421, Time: 00:51:22

Health: -3/70      AC:  5    Str:  8    XL:     10   Next: 86%
Magic:  20/23      EV: 13    Int: 19    God:    Sif Muna [*.....]
Gold:   527        SH:  6    Dex: 21    Spells: 15/28 levels left

rFire   . . .      SeeInvis .   z - +1 trident (venom)
rCold   + . .      Faith    .   o - +0 buckler
rNeg    . . .      Spirit   .   I - +1 robe {Will+}
rPois   .          Reflect  .   (no helmet)
rElec   .          Harm     .   (no cloak)
rCorr   .          Rampage  .   (no gloves)
Will    +....                   g - +1 pair of boots
Stlth   ++........              i - amulet of magic regeneration
HPRegen 0.21/turn               h - +6 ring of dexterity
MPRegen 0.58/turn               r - ring of protection from cold

@: freezing walls, fire susceptible
A: (nimble swimmer 2), mertail, fire resistance 1
a: Renounce Religion, Channel Magic


You were on level 8 of the Dungeon.
You worshipped Sif Muna.
Sif Muna was aware of your devotion.
You visited 2 branches of the dungeon, and saw 11 of its levels.
You also visited: Sewer.

You collected 527 gold pieces.

Inventory:

Hand Weapons
 z - a +1 trident of venom (weapon)
Missiles
 a - 2 boomerangs of dispersal
 b - 162 stones (quivered)
 p - 6 javelins
 v - 16 poisoned darts
 A - 3 throwing nets
Armour
 e - the +3 leather armour of the Devil's Advocate {rElec Dex+2}
   (You found it on level 3 of the Dungeon)

   Dex:       It affects your dexterity (+2).
   rElec:     It insulates you from electricity.
 g - a +1 pair of boots (worn)
 o - a +0 buckler (worn)
 t - a +2 kite shield of protection
 I - a +1 robe of willpower (worn)
Jewellery
 h - a +6 ring of dexterity (left hand)
 i - an amulet of magic regeneration (around neck)
 r - a ring of protection from cold (right hand)
 y - a ring of protection from cold
 D - a ring of resist corrosion
Wands
 q - a wand of flame (21)
 u - a wand of mindburst (25)
 x - a wand of charming (14)
 E - a wand of digging (2)
Scrolls
 d - 3 scrolls of fog
 m - 4 scrolls of teleportation
 s - a scroll of holy word
Potions
 c - 2 potions of brilliance
 f - a potion of lignification
 j - 8 potions of flight
 k - a potion of haste
 l - 4 potions of curing
 n - 2 potions of magic
 w - a potion of invisibility
 G - a potion of attraction {unknown}


   Skills:
 - Level 3.0 Fighting
 - Level 3.0 Polearms
 - Level 3.0 Dodging
 - Level 2.1 Stealth
 - Level 5.0 Shields
 * Level 9.6 Spellcasting
 - Level 3.0 Summonings
 * Level 11.8 Ice Magic


You had 15 spell levels left.
You knew the following spells:

 Your Spells              Type           Power      Damage    Failure   Level
a - Freeze                Ice            100%       1d11      1%          1
b - Frozen Ramparts       Ice            100%       1d12      1%          3
c - Ozocubu's Armour      Ice            52%        N/A       1%          3
d - Hailstorm             Conj/Ice       31%        3d8       9%          4
e - Summon Small Mammal   Summ           80%        N/A       3%          1
f - Animate Skeleton      Necr           18%        N/A       10%         1

Your spell library contained the following spells:

 Spells                   Type           Power      Damage    Failure   Level
 Ensorcelled Hibernation  Hex/Ice        62%        N/A       1%          2
 Apportation              Tloc           18%        N/A       10%         1
 Cause Fear               Hex            4%         N/A       69%         4


Dungeon Overview and Level Annotations

Branches:
Dungeon (10/15)            Temple (1/1) D:4           Sewer (visited)
   Lair: D:8-11         Orc: D:9-12

Altars:
Ashenzari
Cheibriados
Dithmenos
Elyvilon
Fedhas
Gozag
Hepliaklqana
Makhleb
Okawaru
Qazlal
Ru
Sif Muna
Trog
Vehumet
Wu Jian
Xom
Yredelemnul
Zin
The Shining One
Ignis

Shops:
D:7 (

Portals:
Abyss: D:6

Annotations:
D:6 2 transporters, Cheops's ghost, novice TrFi


Innate Abilities, Weirdness & Mutations

((You are very nimble when in or above water. (Stealth+, EV+, Speed+++)))
Your lower body shifts to a powerful aquatic tail in water.
Your flesh is heat resistant. (rF+)


Message History

You closely miss the yak.
The yak is severely wounded.
The wall freezes the yak.
The yak gores you.
The wall freezes the yak.
You block the yak's attack.
You hit the yak but do no damage.
The yak is poisoned.
The yak is almost dead.
The wall freezes the yak.
You kill the yak!
Sif Muna accepts your kill.
Your icy armour cracks and falls away as you move.
The frozen ramparts melt away as you move.
You see here a yak corpse.
You start resting.
Magic restored.
You start resting. "Betrayer!
Apostate!
Perish!"
The divine experience confuses you!
You are confused. 2 fire elementals come into view.
You're too confused to cast spells.
You're too confused to cast spells.
The fire elemental hits you. The fire elemental burns you!
You puncture the fire elemental!
The fire elemental is moderately damaged.
The fire elemental barely misses you. The fire elemental hits you.
The fire elemental burns you! The fire elemental closely misses you.
The fire elemental barely misses you.
You feel better. The fire elemental hits you. The fire elemental burns you!
The fire elemental hits you. The fire elemental burns you!
* * * LOW HITPOINT WARNING * * *
The fire elemental closely misses you.
Casting: Ozocubu's Armour (safe; 1% risk of failure)
Confirm with . or Enter, or press ? or * to list all spells.
Casting: Frozen Ramparts (safe; 1% risk of failure)
Press: ? - help, Dir - look around, f - activate The walls around you are covered in ice.
The fire elemental hits you. The fire elemental burns you!
* * * LOW HITPOINT WARNING * * *
The fire elemental is frozen!
The wall freezes the fire elemental.
The fire elemental hits you. The fire elemental burns you!
You die...

###.#...............
#...#.......#######.
#...'.......#.....#.
#...#.......#....)#.
#...#.......#.....#.
#...#.....[.###'###.
#.###....[).......##
#####†########[#......#.
#....°E@>..<.)[#......#.
#....°E........#......#.
#..............#.[....#.
###################......#.
#........................#.
#........................##
#..................#######.
#..................#....#..
#..................#....'..


You could see 2 fire elementals.

Vanquished Creatures
  Harold (D:10)
  Pikel (D:4)
  Maggie (D:7)
  Sigmund (D:5)
  5 yaks (D:8)
  A wyvern (D:5)
  A wraith (D:10)
  An acid dragon (D:8)
  A water moccasin (D:6)
  3 orc warriors
  2 black bears
  An ice beast (D:7)
  An ogre (D:5)
  3 centaurs
  2 necrophages
  The ghost of DemonSlayer the Firebug, an amateur DsFE (D:4)
  A phantom (D:7)
  2 kobold brigands
  A gnoll sergeant (D:6)
  3 bullfrogs
  A wyvern zombie (D:5)
  5 killer bees (D:10)
  A howler monkey (D:7)
  2 bullfrog zombies (D:5)
  A centaur zombie (D:5)
  A hound (D:4)
  An orc priest (D:8)
  2 bullfrog skeletons
  A centaur skeleton (D:7)
  2 gnoll shamans
  5 iguanas
  Ijyb (D:4)
  Natasha (thrice) (D:2)
  3 orc wizards
  4 hell rats (D:7)
  A merfolk siren (Sewer)
  A killer bee zombie (D:7)
  A merfolk avatar (Sewer)
  10 adders
  16 gnolls
  A howler monkey skeleton (D:5)
  8 river rats
  An adder zombie (D:5)
  An adder skeleton (D:4)
  4 worms
  5 dart slugs
  24 orcs
  12 ball pythons
  7 bats
  9 endoplasms
  12 giant cockroaches
  9 goblins
  7 hobgoblins
  9 jackals
  11 kobolds
  14 quokkas
  11 frilled lizards
  32 rats
  A bush (D:6)
273 creatures vanquished.

Vanquished Creatures (collateral kills)
  A necrophage (D:6)
  A water moccasin skeleton (D:5)
  A centaur skeleton (D:7)
  A killer bee zombie (D:7)
  A gnoll (D:6)
  A river rat (D:7)
  A quokka (D:7)
7 creatures vanquished.

Vanquished Creatures (others)
  93 foxfires (D:5)
93 creatures vanquished.

Grand Total: 373 creatures vanquished

Notes
Turn   | Place    | Note
-------+----------+-------------------------------------------
     0 | D:1      | firemarshallily the Merfolk Ice Elementalist began the
                  | quest for the Orb.
     0 | D:1      | Reached XP level 1. HP: 13/13 MP: 3/3
   509 | D:1      | Reached XP level 2. HP: 19/19 MP: 3/5
   912 | D:1      | Reached XP level 3. HP: 21/24 MP: 2/6
  1212 | D:1      | Learned a level 3 spell: Frozen Ramparts
  1216 | D:1      | Learned a level 3 spell: Ozocubu's Armour
  1395 | D:2      | Noticed Natasha
  1403 | D:2      | Reached skill level 5 in Ice Magic
  1411 | D:2      | Killed Natasha
  1412 | D:2      | Reached skill level 1 in Polearms
  1412 | D:2      | Reached XP level 4. HP: 15/30 MP: 1/8
  1812 | D:2      | Noticed Natasha
  1817 | D:2      | Killed Natasha
  1822 | D:2      | Noticed Natasha
  1835 | D:2      | Killed Natasha
  1836 | D:2      | Reached XP level 5. HP: 26/35 MP: 1/10
  2121 | D:2      | Found a glowing golden altar of the Shining One.
  2298 | D:3      | Identified the +3 leather armour of the Devil's Advocate
                  | {rElec Dex+2}
  3033 | D:3      | Learned a level 4 spell: Hailstorm
  3138 | D:3      | Found a faded altar of an unknown god.
  3147 | D:3      | Prayed at the altar of an unknown god.
  3147 | D:3      | Became a worshipper of Ignis, the Dying Flame
  3550 | D:4      | Reached skill level 6 in Ice Magic
  3591 | D:4      | Reached XP level 6. HP: 37/41 MP: 4/11
  3720 | D:4      | Found a glowing drain.
  3905 | Sewer    | Entered a sewer
  4548 | D:4      | Gained mutation: Your flesh is heat resistant. (rF+)
                  | [potion of mutation]
  4683 | D:4      | Found a staircase to the Ecumenical Temple.
  4713 | D:4      | Noticed Pikel
  4727 | D:4      | Killed Pikel
  4728 | D:4      | Reached skill level 5 in Spellcasting
  4728 | D:4      | Reached skill level 7 in Ice Magic
  4728 | D:4      | Reached XP level 7. HP: 33/46 MP: 4/15
  4998 | D:4      | Noticed DemonSlayer's ghost (amateur DsFE)
  5027 | D:4      | Found a runed translucent door.
  5071 | D:4      | Killed DemonSlayer's ghost
  5072 | D:4      | Reached XP level 8. HP: 52/52 MP: 13/16
  5135 | D:4      | Learned a level 1 spell: Summon Small Mammal
  5137 | D:4      | Learned a level 1 spell: Animate Skeleton
  5299 | D:4      | Noticed Ijyb
  5309 | D:4      | Killed Ijyb
  5419 | D:4      | Found a white marble altar of Elyvilon.
  5493 | D:5      | Entered Level 5 of the Dungeon
  5498 | D:5      | Noticed Sigmund
  6216 | D:5      | Found a transporter.
  6222 | D:5      | Noticed a wyvern
  6223 | D:5      | Found a transporter.
  6223 | D:5      | Found a glowing silver altar of Zin.
  6295 | D:5      | Found a burning altar of Makhleb.
  6353 | D:5      | Reached skill level 8 in Ice Magic
  6371 | D:5      | Reached skill level 1 in Summonings
  6413 | D:5      | Killed Sigmund
  6426 | D:5      | Found a broken altar of Ashenzari.
  6478 | D:5      | Found a shimmering altar of Xom.
  6504 | D:5      | Found a shadowy altar of Dithmenos.
  6935 | D:5      | Killed a wyvern
  6936 | D:5      | Reached XP level 9. HP: 36/57 MP: 11/19
  6939 | D:5      | Reached skill level 9 in Ice Magic
  7188 | D:5      | Found a basalt altar of Yredelemnul.
  7443 | D:6      | Noticed a soul eater
  7455 | D:6      | Noticed a cyan ugly thing
  7460 | D:6      | Found a transporter.
  7482 | D:6      | Found a one-way gate to the infinite horrors of the Abyss.
  7494 | D:6      | Found a transporter.
  8731 | D:7      | Noticed Maggie
  8749 | D:7      | Killed Maggie
  8750 | D:7      | Reached skill level 10 in Ice Magic
  9019 | D:7      | Reached skill level 5 in Shields
  9019 | D:7      | Reached XP level 10. HP: 63/63 MP: 19/22
  9446 | D:7      | Found Norheram's Weapon Shop.
  9655 | Temple   | Entered the Ecumenical Temple
  9703 | Temple   | Fell from the grace of Ignis
  9703 | Temple   | Became a worshipper of Sif Muna the Loreminder
  9790 | D:6      | Noticed Cheops's ghost (novice TrFi)
 10122 | D:8      | Reached skill level 1 in Fighting
 10381 | D:8      | You fall into a shaft and drop 2 floors!
 10381 | D:10     | Entered Level 10 of the Dungeon
 10401 | D:10     | Noticed Harold
 10408 | D:10     | Reached skill level 11 in Ice Magic
 10416 | D:10     | Killed Harold
 10885 | D:8      | Reached * piety under Sif Muna
 11149 | D:8      | Got the Tome of Bewitchment
 11295 | D:8      | Identified a scroll of acquirement
 11295 | D:8      | Acquired 1229 gold pieces
 11421 | D:8      | Slain by a fire elemental

Illustrated notes

Levels and vault maps discovered:
D:1:      elethiomel_arrival_maze, layout_basic, hangedman_abyss_or_decor_stabs,
          minmay_worlds_worst_comb
D:2:      layout_basic, basic_altar, minivault_4, uniq_natasha
D:3:      layout_rooms, dreamdust_ecumenical_altar_sealed_demon
D:4:      minmay_door_path, layout_basic, elyvilon_altar_4,
          minmay_temple_entry_waves, gup_sewer_entry_bubbles,
          hellmonk_ghost_happy_afterlife, uniq_ijyb, uniq_pikel
D:5:      layout_rooms, mainiacjoe_overflow_brackets,
          mainiacjoe_overflow_24_doors, nicolae_yredelemnul_corpse_copse,
          mainiacjoe_overflow_tiny_flanked, lemuel_crystal_altar,
          gammafunk_temple_overflow_arena, glass_columns_b, uniq_sigmund
D:6:      layout_basic, gammafunk_ghost_abyssal_escape, chequers_jeans,
          grunt_ministairs_6, kb_lookout_dungeons_type
D:7:      lemuel_ratsnest, layout_loops_cross, serial_shops,
          nicolae_shop_statue_plus, uniq_maggie
D:8:      layout_gridville
D:9:      layout_grid_maze, overflow_temple_1_default, marbit_many_paths,
          mainiacjoe_overflow_paths, nicolae_wwwww, minmay_misc_feat_five,
          minmay_fountain_box
D:10:     layout_roguey, uniq_harold
Temple:   pdpol_scorched_temple

Skill      XL: |  1  2  3  4  5  6  7  8  9 10 |
---------------+-------------------------------+-----
Dodging        | 3 |  3.0
Ice Magic      | 5 6 7 8 10 11 | 11.8
Polearms       | 1 2 3 |  3.0
Spellcasting   | 3 5 6 8 9 |  9.6
Shields        | 2 3 5 |  5.0
Summonings     | 2 3 |  3.0
Fighting       | 3 |  3.0
Stealth        | |  2.1

Action                   |  1- 3 |  4- 6 |  7- 9 | 10-12 || total
-------------------------+-------+-------+-------+-------++-------
Melee: Unarmed           |    10 |       |       |       ||    10
       Club              |     9 |       |       |       ||     9
       Spear             |    14 |   239 |   217 |       ||   470
       Punch             |       |     2 |       |       ||     2
       Tailslap          |       |    12 |       |       ||    12
       Trident           |       |       |    71 |   103 ||   174
Throw: Stone             |       |     6 |       |       ||     6
 Cast: Freeze            |    41 |    21 |    13 |     2 ||    77
       Frozen Ramparts   |     1 |    30 |    44 |    18 ||    93
       Ozocubu's Armour  |     1 |     7 |    23 |    17 ||    48
       Summon Small Mamm |       |       |    55 |    16 ||    71
       Animate Skeleton  |       |       |     6 |     8 ||    14
       Hailstorm         |       |       |     1 |     8 ||     9
Invok: Foxfire Swarm     |       |       |     5 |       ||     5
       Fiery Armour      |       |       |     1 |       ||     1
  Use: Scroll            |     1 |     8 |     6 |     5 ||    20
       Potion            |       |     2 |     1 |     2 ||     5
 Stab: Sleeping          |     5 |     9 |     5 |       ||    19
       Distracted        |       |       |     2 |     1 ||     3
Armor: Robe              |    16 |    54 |    69 |    50 ||   189
Dodge: Dodged            |    30 |   154 |   157 |    71 ||   412
Block: Buckler           |       |     3 |    70 |    53 ||   126
